 Dungeon Crawl Stone Soup version 0.22-a0-32-ga749362bc3 (webtiles) character file.

194 NixNut the Shield-Bearer (level 6, -1/49 HPs)
             Began as a Formicid Fighter on Jan 3, 2018.
             Engulfed by a steam dragon's steam (7 damage)
             ... on level 3 of the Dungeon.
             The game lasted 00:05:18 (2319 turns).

NixNut the Shield-Bearer (Formicid Fighter)         Turns: 2319, Time: 00:05:19

Health: -1/49      AC:  6    Str: 27    XL:     6   Next: 3%
Magic:  6/6        EV:  8    Int:  8    God:
Gold:   163        SH: 10    Dex: 10    Spells: 5/5 levels left

rFire    . . .     SeeInvis +   a - +0 long sword
rCold    . . .     Gourm    .   c - +0 shield
rNeg     + . .     Faith    .   b - +0 scale mail
rPois    .         Spirit   .   (helmet unavailable)
rElec    .         Reflect  .   (no cloak)
rCorr    .         Harm     .   (no gloves)
MR       .....                  (no boots)
Stlth    ..........             (no amulet)
HPRegen  0.16/turn              j - ring of positive energy
MPRegen  0.10/turn              (no ring)

@: mighty
A: permanent stasis, dig shafts and tunnels, four strong arms, antennae 3
a: Dig, Shaft Self


You were on level 3 of the Dungeon.
You were not hungry.

You visited 1 branch of the dungeon, and saw 3 of its levels.

You collected 163 gold pieces.

Inventory:

Hand Weapons
 a - a +0 long sword (weapon)
Armour
 b - a +0 scale mail (worn)
 c - a +0 shield (worn)
Jewellery
 j - a ring of positive energy (left hand)
 n - a +5 ring of dexterity {unknown}
Scrolls
 i - 2 scrolls of remove curse {unknown}
 k - a scroll of teleportation {unknown}
 l - a scroll of amnesia {unknown}
 p - a scroll of enchant weapon {unknown}
Potions
 e - a potion of heal wounds {unknown}
 g - a potion of brilliance {unknown}
 h - a potion of lignification {unknown}
 o - a potion of ambrosia {unknown}
Comestibles
 f - 2 rations
 m - 7 chunks of flesh


   Skills:
 + Level 4.7 Fighting
 + Level 3.6 Long Blades
 - Level 3.2 Armour
 + Level 5.2 Shields


You had 5 spell levels left.
You didn't know any spells.

Dungeon Overview and Level Annotations

Branches:
Dungeon (3/15)

Altars:


Innate Abilities, Weirdness & Mutations

You cannot be hasted, slowed, berserked, paralysed or teleported.
You can dig through walls and to a lower floor.
Your four strong arms can wield two-handed weapons with a shield.
You have a pair of large antennae on your head. (SInv)


Message History

The steam dragon bites you but does no damage.
You block the steam dragon's attack.
You slash the steam dragon!
The steam dragon is heavily wounded.
You are engulfed in a cloud of scalding steam.
* * * LOW HITPOINT WARNING * * *
You block the steam dragon's attack. x2
You barely miss the steam dragon.
The steam dragon is heavily wounded.
You block the steam dragon's attack. x2; The steam dragon bites you.
* * * LOW HITPOINT WARNING * * *
You block the steam dragon's attack.
You barely miss the steam dragon.
The steam dragon is heavily wounded.
The steam dragon breathes steam at you. The ball of steam misses you.
You closely miss the steam dragon.
The steam dragon is heavily wounded.
You are engulfed in a cloud of scalding steam.
You die...

....#...).#.####.##.
....###.#.#.####.#..
... #)#.#......#..
... #.#.####...#..
#.# #.#.# #...#..
#.# #.#.# #...#..
#.####.#.# #...#..
#.ยง....#.# #......
#.@##### #......
#.D# #...... #..#
####... #..# #..(
#..# #... #####..#
#... #......# #...
#D####.# #### #.# .#


You could see a steam dragon.

Vanquished Creatures
  A crimson imp (D:2)
  An orc priest (D:3)
  A worker ant (D:2)
  2 adders
  An ooze (D:1)
  2 worms (D:2)
  4 dart slugs
  2 leopard geckos
  6 orcs (D:3)
  2 ball pythons
  3 giant cockroaches
  5 hobgoblins
  11 kobolds
  2 quokkas (D:2)
  4 bats
  2 frilled lizards
  7 goblins
  8 rats
64 creatures vanquished.

Notes
Turn   | Place    | Note
-------+----------+-------------------------------------------
     0 | D:1      | NixNut the Formicid Fighter began the quest for the Orb.
     0 | D:1      | Reached XP level 1. HP: 18/18 MP: 1/1
   121 | D:1      | Reached XP level 2. HP: 15/24 MP: 2/2
   290 | D:1      | Reached skill level 4 in Shields
   486 | D:1      | Reached XP level 3. HP: 19/30 MP: 3/3
  1065 | D:2      | Reached XP level 4. HP: 22/37 MP: 4/4
  1426 | D:2      | Reached XP level 5. HP: 39/43 MP: 5/5
  1768 | D:2      | Reached skill level 5 in Shields
  2278 | D:3      | Reached XP level 6. HP: 49/49 MP: 6/6
  2297 | D:3      | Noticed a steam dragon
  2319 | D:3      | Engulfed by a steam dragon's steam

Vault maps used:
D:1:      dpeg_cavernosity, serial_park_tiny_pond
D:2:      first_ration, hex_medium

Skill      XL: |  1  2  3  4  5 |
---------------+----------------+-----
Shields        | 4 5 |  5.2
Fighting       | 4 |  4.7
Long Blades    | 3 |  3.6
Armour         | |  3.2

Action                   |  1- 3 |  4- 6 || total
-------------------------+-------+-------++-------
Melee: Long sword        |   128 |   132 ||   260
  Use: Potion            |       |     1 ||     1
  Eat: Chunk             |     1 |     4 ||     5
Armor: Scale mail        |    46 |    34 ||    80
Dodge: Dodged            |    42 |    37 ||    79
Block: Shield            |    79 |    69 ||   148
       Rpst.: Long sword |    14 |     9 ||    23

Table legend:
 A = Spawn XP
 B = Non-spawn XP
 C = Spawn XP percentage of total XP
 D = Spawn monster count
 E = Non-spawn monster count
 F = Spawn count percentage of total count
 G = Total turns spent on level
                    A         B        C        D         E        F      G
               +---------+---------+-------+---------+---------+-------+---------
         Total |       0 |     278 |   0.0 |       0 |      64 |   0.0 |  2319
               +---------+---------+-------+---------+---------+-------+---------
           D:1 |       0 |      55 |   0.0 |       0 |      29 |   0.0 |   963
           D:2 |       0 |     141 |   0.0 |       0 |      21 |   0.0 |  1189
           D:3 |       0 |      82 |   0.0 |       0 |      14 |   0.0 |   167
               +---------+---------+-------+---------+---------+-------+---------
